 Dungeon Crawl Stone Soup version 0.31-a0-1589-g8f5e8aebd6 (webtiles) character file.

Game seed: 8035658545588848422

25 bmb222 the Trooper (level 2, -2/24 HPs)
             Began as a Demonspawn Fighter on Jan 5, 2024.
             Slain by a gnoll
             ... wielding a +0 flail
              (8 damage)
             ... on level 1 of the Dungeon.
             The game lasted 00:00:30 (335 turns).

bmb222 the Trooper (Demonspawn Fighter)              Turns: 335, Time: 00:00:30

Health: -2/24      AC:  6    Str: 16    XL:     2   Next: 86%
Magic:  2/2        EV:  8    Int:  8    God:
Gold:   24         SH:  4    Dex: 12    Spells: 1/1 levels left

rFire   . . .        a - +0 long sword
rCold   . . .        c - +0 buckler
rNeg    . . .        b - +0 scale mail
rPois   .            (no helmet)
rElec   .            (no cloak)
rCorr   .            (no gloves)
SInv    .            (no boots)
Will    .....        (no amulet) Stlth
                     (no ring)
HPRegen 0.24/turn    (no ring)
MPRegen 0.08/turn

%: no passive effects
@: no status effects
A: demonic magic 1
a: no special abilities


You were on level 1 of the Dungeon.
You visited 1 branch of the dungeon, and saw 1 of its levels.

You collected 24 gold pieces.

Inventory:

Hand Weapons
 a - a +0 long sword (weapon)
Armour
 b - a +0 scale mail (worn)
 c - a +0 buckler (worn)
Potions
 d - a potion of might
 e - 2 potions of heal wounds {unknown}
 f - a potion of haste {unknown}
 g - a potion of brilliance {unknown}


   Skills:
 + Level 3.3 Fighting
 + Level 2.1 Long Blades
 + Level 3.0 Armour
 + Level 3.0 Shields


You had one spell level left.
You didn't know any spells.
Your spell library was empty.

Dungeon Overview and Level Annotations

Branches:
Dungeon (1/15)

Altars:


Innate Abilities, Weirdness & Mutations

Spells you cast may paralyse adjacent enemies.


Message History

You are too injured to fight recklessly!
You are too injured to fight recklessly!
You are too injured to fight recklessly!
You are too injured to fight recklessly!
You slash the endoplasm!
You kill the endoplasm!
You block the jackal's attack. The jackal barely misses you.
Your Shields skill increases to level 3!
You block the jackal's attack. The jackal attacks as it pursues you!
The jackal barely misses you. The jackal closely misses you.
You hit the jackal.
The jackal is moderately wounded.
The jackal bites you but does no damage.
You barely miss the jackal.
The jackal is moderately wounded.
The jackal bites you.
The jackal bites you but does no damage.
You slash the jackal!
You kill the jackal!
The jackal bites you but does no damage.
Your Armour skill increases to level 3!
You completely miss the jackal. The jackal closely misses you.
The jackal bites you but does no damage.
You closely miss the jackal. The jackal barely misses you.
The jackal closely misses you.
You closely miss the jackal.
The jackal bites you but does no damage.
You block the jackal's attack.
You hit the jackal.
You kill the jackal!
You closely miss the gnoll. You block the gnoll's attack.
You hit the gnoll.
The gnoll is moderately wounded.
The gnoll hits you with a +0 flail. x2
* * * LOW HITPOINT WARNING * * *
You hit the gnoll.
The gnoll is heavily wounded.
The gnoll hits you with a +0 flail!
You die...

...###.#.......#.#.......##
...# #.#...................
...# #.#...[..##.#.......#
...# #.#...... #.#.......#
...# #.#...... #.#.......#
...###.#...... #.#.......#
.......# .... #.#.......+
.####### .(.. #g#...†...#
.########.... #@#.#######
............. #.#.########
####......... #.#........##
...'......... #.######..(.#
.###..)...... #.##........#
......#####. #.##.####.#.#
.####.# #....#.##........#
....#.# #..#.#.....###.###
###.#.# #..#.####.......#


You could see a gnoll.

Vanquished Creatures
  2 ball pythons (D:1)
  3 endoplasms (D:1)
  2 goblins (D:1)
  2 hobgoblins (D:1)
  3 jackals (D:1)
  2 quokkas (D:1)
  3 bats (D:1)
  2 frilled lizards (D:1)
  A kobold (D:1)
  3 rats (D:1)
23 creatures vanquished.

Notes
Turn   | Place    | Note
-------+----------+-------------------------------------------
     0 | D:1      | bmb222 the Demonspawn Fighter began the quest for the Orb.
     0 | D:1      | Reached XP level 1. HP: 18/18 MP: 1/1
   167 | D:1      | Gained mutation: Spells you cast may paralyse adjacent
                  | enemies. [demonic ancestry]
   167 | D:1      | Reached XP level 2. HP: 24/24 MP: 2/2
   335 | D:1      | Slain by a gnoll

Illustrated notes

Levels and vault maps discovered:
D:1:      scummos_arrival_hexagon, layout_basic, serial_shops,
          nicolae_shop_tiny_real_fake_doors

Skill      XL: |  1  2 |
---------------+-------+-----
Long Blades    | 2 |  2.1
Shields        | 3 |  3.0
Armour         | 3 |  3.0
Fighting       | |  3.3

Action                     || total
---------------------------++-------
  Melee: Long sword        ||    74
 Armour: Scale mail        ||    64
  Dodge: Dodged            ||    46
  Block: Buckler           ||    22

Table legend: (Time is in decaauts)
 A = Elapsed time spent in this place.
 B = Non-inter-level travel time spent in this place.
 C = Inter-level travel time spent in this place.
 D = Time resting spent in this place.
 E = Time spent auto-exploring this place.
 F = Levels seen in this place.
 G = Mean time per level.
                   A        B        C        D        E       F      G
               +--------+--------+--------+--------+--------+-----+--------+
         Total |    359 |    359 |      0 |      0 |    199 |   1 |  359.0 |
       Dungeon |    359 |    359 |      0 |      0 |    199 |   1 |  359.0 |
               +--------+--------+--------+--------+--------+-----+--------+

Top non-repeatable levels by time:
     D:1: 359 daAuts
